 Dungeon Crawl Stone Soup version 0.31-a0-240-gb923e448b6 (webtiles) character file.

Game seed: 5282568561744985291

28 qw the Shooter (level 3, -1/21 HPs)
             Began as a Gargoyle Hexslinger on July 11, 2023.
             Slain by Terence
             ... wielding a +0 mace
              (2 damage)
             ... on level 2 of the Dungeon.
             The game lasted 00:00:20 (806 turns).

qw the Shooter (Gargoyle Hexslinger)                 Turns: 806, Time: 00:00:21

Health: -1/21      AC:  9    Str: 11    XL:     3   Next: 12%
Magic:  4/4        EV: 10    Int: 13    God:
Gold:   22         SH:  0    Dex: 14    Spells: 3/4 levels left

rFire   . . .        Y - +1 sling
rCold   . . .        (no shield)
rNeg    + . .        f - +0 ring mail
rPois   inf          (no helmet)
rElec   +            (no cloak)
rCorr   .            (no gloves)
SInv    .            g - +0 pair of boots
Will    .....        (no amulet)
Stlth   +            (no ring)
HPRegen 0.23/turn    (no ring)
MPRegen 0.09/turn

%: no passive effects
@: no status effects
A: sickness immunity, AC +3, negative energy resistance 1, electricity
resistance, torment resistance 1, petrification resistance
a: no special abilities


You were on level 2 of the Dungeon.
You visited 1 branch of the dungeon, and saw 2 of its levels.

You collected 22 gold pieces.


Innate Abilities, Weirdness & Mutations

You are immune to sickness and miasma.
Your stone body is resilient. (AC +3)
You are immune to poison.
You resist negative energy. (rN+)
You are resistant to electric shocks. (rElec)
You are resistant to unholy torment.
You are immune to petrification.


   Skills:
 - Level 2.0 Fighting
 - Level 3.0 Ranged Weapons
 + Level 0.3 Armour
 - Level 1.5 Dodging
 - Level 1.0 Spellcasting
 - Level 2.6 Hexes


You had 3 spell levels left.
You knew the following spells:

 Your Spells              Type           Power      Damage    Failure   Level
a - Slow                  Hex            28%        N/A       22%         1

Your spell library contained the following spells:

 Spells                   Type           Power      Damage    Failure   Level
 Inner Flame              Hex/Fire       4%         N/A       75%         3
 Portal Projectile        Hex/Tloc       8%         N/A       75%         3
 Cause Fear               Hex            3%         N/A       92%         4

Inventory:

Hand Weapons
 Y - a +1 sling (weapon)
Armour
 a - a +0 helmet
 f - a +0 ring mail (worn)
 g - a +0 pair of boots (worn)

Dungeon Overview and Level Annotations

Branches:
Dungeon (2/15)

Altars:

Annotations:
D:2 Terence


Message History

Terence hits you but does no damage.
You shoot a sling bullet. The sling bullet hits Terence.
Terence is moderately wounded.
Terence hits you with a +0 mace.
You shoot a sling bullet.
The sling bullet closely misses Terence.
Terence closely misses you. Terence hits you with a +0 mace!
You shoot a sling bullet.
The sling bullet closely misses Terence.
Terence closely misses you.
You shoot a sling bullet.
The sling bullet closely misses Terence.
Terence hits you but does no damage. Terence hits you with a +0 mace.
You shoot a sling bullet.
The sling bullet hits Terence but does no damage.
Terence is moderately wounded.
Terence hits you but does no damage.
You shoot a sling bullet.
The sling bullet hits Terence but does no damage.
Terence is moderately wounded.
Terence hits you with a +0 mace.
You shoot a sling bullet.
The sling bullet hits Terence but does no damage.
Terence is moderately wounded.
Terence barely misses you. x2
You shoot a sling bullet. The sling bullet hits Terence.
Terence is heavily wounded.
Terence barely misses you.
You shoot a sling bullet.
The sling bullet hits Terence but does no damage.
Terence is heavily wounded.
Terence hits you with a +0 mace. Terence hits you but does no damage.
You shoot a sling bullet. The sling bullet hits Terence.
Terence is severely wounded.
Terence barely misses you.
You shoot a sling bullet.
The sling bullet hits Terence but does no damage.
Terence is severely wounded.
Terence hits you with a +0 mace.
You die...

.##.........#
#.........#
#.........#
#........##
#.#####.#####.##
#.......#####.## .
#.####.........# ...
#.#...#...##.....
#.####....)...@@......
#.....................
######..%....#.###....
#..<......# ...
########### ##


You could see Terence.

Vanquished Creatures
  3 ball pythons (D:1)
  3 bats (D:1)
  4 endoplasms (D:1)
  2 goblins
  A hobgoblin (D:1)
  2 kobolds (D:1)
  2 quokkas (D:1)
  2 frilled lizards (D:1)
  5 rats
24 creatures vanquished.

Notes
Turn   | Place    | Note
-------+----------+-------------------------------------------
     0 | D:1      | qw the Gargoyle Hexslinger began the quest for the Orb.
     0 | D:1      | Reached XP level 1. HP: 12/12 MP: 2/2
     0 | D:1      | 0 ||| qw: Version: 0.3-a-52-g30416fa
     0 | D:1      | 0 ||| qw: Game counter: 5994
     0 | D:1      | 0 ||| qw: Melee chars always use a shield: true
     0 | D:1      | 0 ||| qw: God list: Okawaru
     0 | D:1      | 0 ||| qw: Allow faded altars: false
     0 | D:1      | 0 ||| qw: Do Orc after clearing Dungeon:15 true
     0 | D:1      | 0 ||| qw: Do second Lair branch before Depths: true
     0 | D:1      | 0 ||| qw: Lair rune preference: random
     0 | D:1      | 0 ||| qw: Goals: Normal
     0 | D:1      | 0 ||| PLANNING D:1-11
    95 | D:1      | Reached XP level 2. HP: 16/16 MP: 3/3
   156 | D:1      | Reached skill level 3 in Ranged Weapons
   489 | D:1      | Reached XP level 3. HP: 21/21 MP: 4/4
   699 | D:1      | 699 ||| UPGRADING to +0 ring mail.
   709 | D:1      | 709 ||| DROPPING +0 robe.
   710 | D:1      | 710 ||| UPGRADING to +0 pair of boots.
   715 | D:1      | 715 ||| READING scroll labelled HUHUEJ YVER.
   716 | D:1      | 716 ||| READING scroll labelled SIENUDD OGOO.
   717 | D:1      | 717 ||| DROPPING scroll of poison.
   749 | D:2      | 749 ||| STAIRDANCE
   788 | D:2      | Noticed Terence
   801 | D:2      | HP: 5/21 [Terence/+0 mace (2)]
   804 | D:2      | HP: 1/21 [Terence/+0 mace (5)]
   806 | D:2      | Slain by Terence

Levels and vault maps discovered:
D:1:      dpeg_arrival_arbitrary_c, layout_basic
D:2:      layout_loops_cross, serial_shops, nicolae_shop_pleasant_corner_grove,
          basic_altar, minmay_puff, uniq_terence, uniq_robin, uniq_sigmund

Skill      XL: |  1  2  3 |
---------------+----------+-----
Ranged Weapons | 3 |  3.0
Fighting       | 2 |  2.0
Armour         | |  0.3
Dodging        | |  1.5
Spellcasting   | |  1.0
Hexes          | |  2.6

Action                     || total
---------------------------++-------
   Fire: Sling             ||    88
    Use: Scroll            ||     2
 Armour: Robe              ||     8
         Ring mail         ||     7
  Dodge: Dodged            ||    30

Table legend:
 A = Non-vault XP
 B = Vault XP
 C = Vault XP percentage of total XP
 D = Non-vault monster count
 E = Vault monster count
 F = Vault count percentage of total count
                 A         B        C        D         E       F
            +---------+---------+-------+---------+---------+-------
      Total |      40 |       0 |   0.0 |      24 |       0 |   0.0
            +---------+---------+-------+---------+---------+-------
        D:1 |      37 |       0 |   0.0 |      22 |       0 |   0.0
        D:2 |       3 |       0 |   0.0 |       2 |       0 |   0.0
            +---------+---------+-------+---------+---------+-------
